 Dungeon Crawl Stone Soup version 0.30-a0-358-g0d69a1922f (webtiles) character file.

Game seed: 4811252130466415123

2 NinjaNoafa the Shield-Bearer (level 1, -7/14 HPs)
             Began as a Gargoyle Fighter on Nov 10, 2022.
             Mangled by a goblin
             ... wielding a +1 dagger of distortion
              (21 damage)
             ... on level 1 of the Dungeon.
             The game lasted 00:01:09 (206 turns).

NinjaNoafa the Shield-Bearer (Gargoyle Fighter)      Turns: 206, Time: 00:01:09

Health: -7/14      AC:  9    Str: 19    XL:     1   Next: 40%
Magic:  1/1        EV:  9    Int:  8    God:
Gold:   0          SH:  4    Dex:  9    Spells: 0/0 levels left

rFire   . . .      SeeInvis .    a - +0 flail
rCold   . . .      Faith    .    c - +0 buckler
rNeg    + . .      Spirit   .    b - +0 scale mail
rPois   ∞          Reflect  .    (no helmet)
rElec   +          Harm     .    (no cloak)
rCorr   .          Rampage  .    (no gloves)
Will    .....                    (no boots)
Stlth   ..........               (no amulet)
HPRegen 0.22/turn                (no ring)
MPRegen 0.07/turn                (no ring)

@: no status effects
A: sickness immunity, AC +2, negative energy resistance 1, electricity
resistance, torment resistance 1, petrification resistance
a: no special abilities


You were on level 1 of the Dungeon.
You visited 1 branch of the dungeon, and saw 1 of its levels.

Inventory:

Hand Weapons
 a - a +0 flail (weapon)
Missiles
 e - a stone (quivered)
Armour
 b - a +0 scale mail (worn)
 c - a +0 buckler (worn)
Scrolls
 f - a scroll of teleportation {unknown}
 g - a scroll of identify {unknown}
Potions
 d - a potion of might


   Skills:
 - Level 3.2 Fighting
 + Level 2.2 Maces & Flails
 - Level 3.2 Armour
 - Level 3.2 Shields


You couldn't memorise any spells.
You didn't know any spells.
Your spell library contained the following spells:

 Spells                   Type           Power      Damage    Failure   Level
 Ignite Poison            Fire/Tmut/Pois 0%         N/A       99%         3
 Kindle Blastsparks       Fire/Tloc/Air  0%         2d10      99%         3
 Sticky Flame             Conj/Fire      0%         2d3       100%        4
 Freezing Cloud           Conj/Ice/Air   0%         6-21      100%        5
 Ignition                 Fire           0%         3d3       100%        8


Dungeon Overview and Level Annotations

Branches:
Dungeon (1/15)

Altars:


Innate Abilities, Weirdness & Mutations

You are immune to sickness and miasma.
Your stone body is resilient. (AC +2)
You are immune to poison.
You resist negative energy. (rN+)
You are resistant to electric shocks. (rElec)
You are resistant to unholy torment.
You are immune to petrification.


Message History

You closely miss the bat. The bat barely misses you.
The bat closely misses you.
You closely miss the bat. The bat hits you but does no damage.
The bat misses you. The bat hits you but does no damage. The bat hits you.
You closely miss the bat. The bat hits you but does no damage.
You block the bat's attack. The bat barely misses you.
The bat closely misses you.
You barely miss the bat. The bat hits you but does no damage.
The bat hits you but does no damage.
You see here a scroll labelled BYMEURUILI.
The bat barely misses you.
A bat is nearby!
A bat is nearby!
The bat hits you but does no damage.
You barely miss the bat. The bat barely misses you.
Your movement speed is average.
Your attack delay is about 1.3.
Your damage rating with your +0 flail is about 13 (Base 10 x 122% (Str) x 109% (Skill)).
g - a scroll labelled BYMEURUILI A bat is nearby!
A bat is nearby!
The bat hits you but does no damage.
You closely miss the bat. You block the bat's attack.
You barely miss the bat. The bat hits you but does no damage.
The bat hits you but does no damage. The bat hits you but does no damage.
The bat closely misses you.
You completely miss the bat. The bat hits you.
The bat hits you but does no damage.
You closely miss the bat. The bat hits you. You block the bat's attack.
The bat closely misses you.
Hit: a) +0 flail
Press: ? - help, Dir - move target, f - bat
Aim: a bat (about 66% to evade your +0 flail)
Okay, then.
You hit the bat.
You kill the bat!
You see here a bat corpse.
A goblin comes into view.
It is wielding a +1 dagger of distortion.
The goblin hits you but does no damage. Space warps horribly around you!!
Ouch! That really hurt!
You die...

#######.#.##.##.###
........#.##.##.#
#######.#†##....#
#..#.#.########
#..#.#........#
#..#.########.#
#......# #.#
##.#.#.######.#
#.#.#.#...g@.#
#.#.# #.......#
#.#.# ###....##
#.#.# ....#.# #.#.#
####.#.# #.#..
.....
######.############
..................#
######.##########.#


You could see a goblin.

Vanquished Creatures
  A bat (D:1)
  A kobold (D:1)
2 creatures vanquished.

Notes
Turn   | Place    | Note
-------+----------+-------------------------------------------
     0 | D:1      | NinjaNoafa the Gargoyle Fighter began the quest for the
                  | Orb.
     0 | D:1      | Reached XP level 1. HP: 14/14 MP: 1/1
   206 | D:1      | Mangled by a goblin

Illustrated notes

Levels and vault maps discovered:
D:1:      roderic_crop_circles_arrival_small, layout_basic

Action                   || total
-------------------------++-------
Melee: Flail             ||    13
Armor: Scale mail        ||    13
Dodge: Dodged            ||    10
Block: Buckler           ||     4

Table legend: (Time is in decaauts)
 A = Elapsed time spent in this place.
 B = Non-inter-level travel time spent in this place.
 C = Inter-level travel time spent in this place.
 D = Time resting spent in this place.
 E = Time spent auto-exploring this place.
 F = Levels seen in this place.
 G = Mean time per level.
                   A        B        C        D        E       F      G
               +--------+--------+--------+--------+--------+-----+--------+
         Total |    210 |    210 |      0 |      0 |    167 |   1 |  210.0 |
       Dungeon |    210 |    210 |      0 |      0 |    167 |   1 |  210.0 |
               +--------+--------+--------+--------+--------+-----+--------+

Top non-repeatable levels by time:
     D:1: 210 daAuts
